 Dungeon Crawl Stone Soup version 0.30-a0-52-g86a8295270 (webtiles) character file.

Game seed: 16902575195039660224

23 MrFrogsmire the Grave Robber (level 3, -3/30 HPs)
             Began as a Meteoran Wanderer on Sept 7, 2022.
             Slain by Sigmund
             ... wielding a +0 scythe
              (7 damage)
             ... on level 2 of the Dungeon.
             The game lasted 00:05:32 (724 turns).

MrFrogsmire the Grave Robber (Meteoran Wanderer)     Turns: 724, Time: 00:05:33

Health: -3/30      AC:  3    Str: 15    XL:     3   Next: 26%
Magic:  5/6        EV: 12    Int: 14    God:
Gold:   62         SH:  0    Dex: 13    Spells: 1/5 levels left

rFire   . . .      SeeInvis .    a - +0 falchion
rCold   . . .      Faith    .    (no shield)
rNeg    . . .      Spirit   .    d - +0 robe
rPois   .          Reflect  .    (no helmet)
rElec   .          Harm     .    (no cloak)
rCorr   .          Rampage  .    (no gloves)
Will    .....                    b - +0 pair of boots
Stlth   +.........               (no amulet)
HPRegen 0.10/turn                (no ring)
MPRegen 0.10/turn                (no ring)

@: glowing
A: sense surroundings 1, otherworldly, glowing, explore regen
a: no special abilities


You were on level 2 of the Dungeon.
You visited 1 branch of the dungeon, and saw 2 of its levels.

You collected 62 gold pieces.

Inventory:

Hand Weapons
 a - a +0 falchion (weapon)
Armour
 b - a +0 pair of boots (worn)
 d - a +0 robe (worn)
Scrolls
 e - a scroll of immolation {unknown}
 g - a scroll of enchant armour {unknown}
 h - 2 scrolls of identify {unknown}
 i - a scroll of vulnerability {unknown}
 j - a scroll of enchant weapon {unknown}
 k - a scroll of torment {unknown}
Potions
 c - a potion of heal wounds
 f - a potion of haste {unknown}


   Skills:
 + Level 2.4 Fighting
 + Level 2.1 Long Blades
 + Level 1.5 Dodging
 + Level 1.0 Stealth
 + Level 1.8 Spellcasting
 + Level 3.6 Necromancy
 + Level 1.2 Evocations


You had one spell level left.
You knew the following spells:

 Your Spells              Type           Power      Damage    Failure   Level
a - Necrotise             Necr           44%        1d6       5%          1
b - Vampiric Draining     Necr           11%        2d6       16%         3

Your spell library contained the following spells:

 Spells                   Type           Power      Damage    Failure   Level
 Animate Dead             Necr           11%        N/A       47%         4


Dungeon Overview and Level Annotations

Branches:
Dungeon (2/15) Zot: 470

Altars:

Annotations:
D:2 Sigmund


Innate Abilities, Weirdness & Mutations

You passively map a small area around you.
You are easily found by Zot.
You glow in the dark.
You regain HP and MP as you explore.


Message History

The ball python grabs you. The ball python constricts you.
The ball python bites you but does no damage.
The ball python constricts you.
You barely miss the ball python. The ball python misses you.
The ball python constricts you.
You slash the ball python!
You kill the ball python!
You see here a ball python corpse.
Sigmund the Dreaded comes into view.
He is wielding a +0 scythe.
Found 15 gold pieces.
Sigmund shouts!
You can't see any susceptible monsters within range! (Use Z to cast anyway.)
You can't see any susceptible monsters within range! (Use Z to cast anyway.) Sigmund writhes in agony.
Sigmund hits you from afar with a +0 scythe!
Sigmund writhes in agony.
Sigmund hits you from afar with a +0 scythe!
You are too injured to fight recklessly!
You are too injured to fight recklessly!
Sigmund closely misses you.
Sigmund screams, "Don't try to resist!"
Sigmund casts a spell at you.
You are confused.
You miss Sigmund.
Sigmund is heavily wounded.
Sigmund hits you with a +0 scythe!
* * * LOW HITPOINT WARNING * * *
You bump into the rock wall.
Sigmund hits you with a +0 scythe.
* * * LOW HITPOINT WARNING * * *
You're too confused to move!
Sigmund casts a spell at you. The puff of flame misses you.
You bump into the rock wall.
Sigmund gestures wildly while chanting.
Sigmund flickers and vanishes!
Deactivating autopickup; reactivate with Ctrl-A.
You bump into the rock wall.
You feel less confused. Something hits you!
You die...

................$# , , ,
.................#
.................#
.......#.........# *
.........####....## * , *
########....#.....###... ,*
# #..........{...... ,* #
#..........# ** , #
#.........@# * #
#..........# # #......†...#
# ######..####
#############..#############
..............>#...........#
.......#######..........##.#
.......# #............##.#
### .......#
#............##.# #.#


There were no monsters in sight!

Vanquished Creatures
  A dart slug (D:1)
  2 bats (D:1)
  5 endoplasms
  A giant cockroach (D:2)
  A hobgoblin (D:1)
  3 ball pythons
  3 kobolds
  2 rats (D:1)
18 creatures vanquished.

Vanquished Creatures (collateral kills)
  A goblin (D:1)
1 creature vanquished.

Vanquished Creatures (others)
  2 plants (D:2)
2 creatures vanquished.

Grand Total: 21 creatures vanquished

Notes
Turn   | Place    | Note
-------+----------+-------------------------------------------
     0 | D:1      | MrFrogsmire the Meteoran Wanderer began the quest for the
                  | Orb.
     0 | D:1      | MrFrogsmire set off with the following items: a +0
                  | falchion, a +0 pair of boots, a potion of heal wounds, a +0
                  | robe; and the following spell memorised: Necrotise; and the
                  | following spells available to memorise: Vampiric Draining,
                  | Animate Dead.
     0 | D:1      | Reached XP level 1. HP: 17/17 MP: 3/3
   180 | D:1      | Reached XP level 2. HP: 24/25 MP: 5/5
   496 | D:1      | Glimpsed the power of Zot.
   521 | D:2      | Reached XP level 3. HP: 30/30 MP: 3/6
   542 | D:2      | Learned a level 3 spell: Vampiric Draining
   710 | D:2      | Noticed Sigmund
   724 | D:2      | Slain by Sigmund

Illustrated notes

Levels and vault maps discovered:
D:1:      minmay_arrival_cross, layout_basic
D:2:      layout_basic, corexii_shack, minmay_tiny_reverse_x, uniq_jessica,
          uniq_crazy_yiuf_cottage, uniq_sigmund

Skill      XL: |  1  2 |
---------------+-------+-----
Long Blades    | 2 |  2.1
Fighting       | |  2.4
Dodging        | |  1.5
Stealth        | |  1.0
Spellcasting   | |  1.8
Necromancy     | |  3.6
Evocations     | |  1.2

Action                   || total
-------------------------++-------
Melee: Falchion          ||    24
 Cast: Necrotise         ||    25
Armor: Robe              ||    13
Dodge: Dodged            ||    14

Table legend: (Time is in decaauts)
 A = Elapsed time spent in this place.
 B = Non-inter-level travel time spent in this place.
 C = Inter-level travel time spent in this place.
 D = Time resting spent in this place.
 E = Time spent auto-exploring this place.
 F = Levels seen in this place.
 G = Mean time per level.
                   A        B        C        D        E       F      G
               +--------+--------+--------+--------+--------+-----+--------+
         Total |    728 |    134 |    594 |      0 |      0 |   2 |  364.0 |
       Dungeon |    728 |    134 |    594 |      0 |      0 |   2 |  364.0 |
               +--------+--------+--------+--------+--------+-----+--------+

Top non-repeatable levels by time:
     D:1: 521 daAuts
     D:2: 207 daAuts
